cohdb
Replays
Latest Replays
All Replays
Popular Replays
Top Player Replays
Match Explorer
How It Works
Community
CoH3 Stats
Reddit
Sign in to upload your games and track your stats! →
Sign in with Steam
Match 40537914
Unlisted
Match 40537914
Overview
Messages
Build Orders
End
Kradschützen Motorcycle Team
Selects Italian Combined Arms Battlegroup
Selects Bersaglieri Squad
Bersaglieri Squad
250 Light Carrier
Bersaglieri Squad
Construct Light Support Kompanie
Selects Bersaglieri Bolster
Bersaglieri Squad
Bersaglieri Squad
Selects Breda Model 30 Light Machine Guns
Panzerjäger Squad
Panzerjäger Mechanized Group
Construct Mechanized Kompanie
Support Armor Elements
Selects Semovente da 75/18 Assault Gun
deadsadbadmad
Saevo
0
0
Comments
sign in to comment!
No comments posted yet!